 Dungeon Crawl Stone Soup version 0.32-a0-35-gd9ff480968 (webtiles) character file.

Game seed: 2651171188438090388

56 PriceMaster the Conjurer (level 3, -2/30 HPs)
             Began as a Tengu Conjurer on Jan 23, 2024.
             Slain by Pargi (6 damage)
             ... on level 3 of the Dungeon.
             The game lasted 00:03:11 (2057 turns).

PriceMaster the Conjurer (Tengu Conjurer)           Turns: 2057, Time: 00:03:11

Health: -2/30      AC:  4    Str:  7    XL:     3   Next: 97%
Magic:  3/7        EV: 12    Int: 20    God:
Gold:   151        SH:  0    Dex: 12    Spells: 3/6 levels left

rFire   . . .        f - staff of conjuration
rCold   . . .        (no shield)
rNeg    . . .        a - +0 robe
rPois   .            (helmet restricted)
rElec   .            (no cloak)
rCorr   .            k - +1 pair of gloves
SInv    .            (boots unavailable)
Will    .....        (no amulet) Stlth
                     (no ring)
HPRegen 0.25/turn    (no ring)
MPRegen 0.10/turn

%: acrobat
@: berserking, very quick
A: beak, talons 3, acrobatic
a: no special abilities


You were on level 3 of the Dungeon.
You visited 1 branch of the dungeon, and saw 3 of its levels.

You collected 151 gold pieces.

Inventory:

Hand Weapons
 e - a +0 short sword
Armour
 a - a +0 robe (worn)
 k - a +1 pair of gloves (worn)
Magical Staves
 f - a staff of conjuration (weapon)
Jewellery
 j - a +6 ring of dexterity
Scrolls
 c - 3 scrolls of fog {unknown}
 i - a scroll of blinking {unknown}
 m - a scroll of noise {unknown}
Potions
 b - a potion of magic
 d - 2 potions of ambrosia {unknown}
 g - a potion of curing
 h - a potion of degeneration {unknown}


   Skills:
 + Level 0.3 Fighting
 + Level 2.3 Dodging
 + Level 2.2 Stealth
 * Level 2.2 Spellcasting
 * Level 6.7 Conjurations


You had 3 spell levels left.
You knew the following spells:

 Your Spells              Type           Power      Damage    Failure   Level
a - Magic Dart            Conj           100%       1d8       1%          1
b - Searing Ray           Conj           86%        2d7       1%          2

Your spell library contained the following spells:

 Spells                   Type           Power      Damage    Failure   Level
 Sting                    Conj/Alch      92%        1d8       3%          1
 Apportation              Tloc           4%         N/A       16%         1
 Necrotise                Necr           8%         1d4       16%         1
 Summon Small Mammal      Summ           8%         N/A       16%         1
 Fulminant Prism          Conj/Alch      11%        3d8       36%         4
 Iskenderun's Mystic Bla  Conj/Tloc      23%        2d6       36%         4


Dungeon Overview and Level Annotations

Branches:
Dungeon (3/15)

Altars:
Ashenzari

Annotations:
D:3 Pargi


Innate Abilities, Weirdness & Mutations

You have a beak for a mouth.
You have claws for feet.
You can magically evade attacks while moving or waiting.


Message History

Pargi attacks as he pursues you! Pargi completely misses you.
Pargi closely misses you. Pargi completely misses you.
There is a stone staircase leading up here.
Pargi pleads, "Don't hit me!"
Casting: Magic Dart (safe; 1% risk of failure)
Confirm with . or Enter, or press ? or * to list all spells.
Aiming: Searing Ray (safe; 1% risk of failure)
Press: ? - help, Shift-Dir - straight line, f/p - endoplasm
Aim: an endoplasm (heavily wounded, 98% to hit)
You feel a surge of power!
The searing ray hits Pargi!
Pargi is moderately wounded.
The searing ray hits the endoplasm.
The endoplasm is almost dead. (Press . to maintain the ray.)
The searing ray hits Pargi!
Pargi is heavily wounded.
The searing ray hits the endoplasm.
You kill the endoplasm!
Pargi bites you but does no damage. Pargi claws you. Pargi misses you.
Okay, then.
The searing ray hits Pargi!
Pargi is severely wounded.
Pargi bites you. Pargi completely misses you. Pargi closely misses you.
You feel better.
Pargi clenches his teeth.
Pargi bites you! Pargi claws you. Pargi closely misses you.
A red film seems to cover your vision as you go berserk!
You feel yourself moving faster!
You feel mighty! Pargi closely misses you. Pargi claws you.
Pargi claws you but does no damage.
You closely miss Pargi. You claw Pargi.
Pargi is severely wounded.
Pargi bites you.
* * * LOW HITPOINT WARNING * * *
Pargi claws you.
* * * LOW HITPOINT WARNING * * *
Pargi barely misses you.
You hit Pargi. You peck Pargi.
Pargi is almost dead.
Pargi bites you.
You die...

#.#.#
#...#
#.#.#
..
#<#
#.
#.# #
#.#
#.#
#T#
#@#
#.#
#.#
#.#
#.#
..#
###


You could see Pargi.

Vanquished Creatures
  2 adders (D:2)
  A ribbon worm (D:2)
  2 dart slugs
  A bat (D:2)
  2 endoplasms
  A giant cockroach (D:1)
  5 hobgoblins (D:1)
  2 jackals (D:2)
  4 kobolds
  3 quokkas
  A frilled lizard (D:2)
  2 goblins (D:2)
  4 rats (D:1)
30 creatures vanquished.

Notes
Turn   | Place    | Note
-------+----------+-------------------------------------------
     0 | D:1      | PriceMaster the Tengu Conjurer began the quest for the Orb.
     0 | D:1      | Reached XP level 1. HP: 10/10 MP: 4/4
   276 | D:1      | Reached XP level 2. HP: 15/15 MP: 3/6
   780 | D:1      | Learned a level 2 spell: Searing Ray
   878 | D:1      | Reached skill level 6 in Conjurations
  1279 | D:2      | Reached XP level 3. HP: 19/19 MP: 3/7
  1860 | D:2      | Found a broken altar of Ashenzari.
  2042 | D:3      | Noticed Pargi
  2057 | D:3      | Slain by Pargi

Illustrated notes

Levels and vault maps discovered:
D:1:      denvon_arrival_planthouse, layout_basic
D:2:      layout_basic, basic_altar
D:3:      layout_loops_ring, mainiacjoe_overflow_concentric_impassable,
          serial_shops, shop, uniq_pargi

Skill      XL: |  1  2 |
---------------+-------+-----
Conjurations   | 6 |  6.7
Fighting       | |  0.3
Dodging        | |  2.3
Stealth        | |  2.2
Spellcasting   | |  2.2

Action                     || total
---------------------------++-------
  Melee: Staff             ||    18
         Kick              ||     9
         Peck              ||     3
   Cast: Magic Dart        ||    49
         Searing Ray       ||     3
    Use: Scroll            ||     5
         Potion            ||     2
 Armour: Robe              ||    19
  Dodge: Dodged            ||    26

Table legend: (Time is in decaauts)
 A = Elapsed time spent in this place.
 B = Non-inter-level travel time spent in this place.
 C = Inter-level travel time spent in this place.
 D = Time resting spent in this place.
 E = Time spent auto-exploring this place.
 F = Levels seen in this place.
 G = Mean time per level.
                   A        B        C        D        E       F      G
               +--------+--------+--------+--------+--------+-----+--------+
         Total |   2058 |   1995 |     63 |    133 |   1660 |   3 |  686.0 |
       Dungeon |   2058 |   1995 |     63 |    133 |   1660 |   3 |  686.0 |
               +--------+--------+--------+--------+--------+-----+--------+

Top non-repeatable levels by time:
     D:1: 1276 daAuts
     D:2: 765 daAuts
     D:3: 16 daAuts
